 Dungeon Crawl Stone Soup version 0.27-a0-263-gc8dee61f84 (webtiles) character file.

Game seed: 5250235188301305817

8471 gimp the Cleaver (level 11, 0/63 HPs)
             Began as a Tengu Fighter on Feb 4, 2021.
             Was a High Priest of Okawaru.
             Slain by a chaos spawn (7 damage)
             ... on level 10 of the Dungeon.
             The game lasted 00:20:18 (11984 turns).

gimp the Cleaver (Tengu Fighter)                   Turns: 11984, Time: 00:20:19

Health: 0/63       AC:  9    Str: 21    XL:     11   Next: 31%
Magic:  15/15      EV: 10    Int:  8    God:    Okawaru [*****.]
Gold:   708        SH: 12    Dex: 13    Spells: 10/10 levels left

rFire    . . .     SeeInvis +   v - +0 hand axe (elec)
rCold    . . .     Faith    .   c - +0 kite shield
rNeg     . . .     Spirit   .   t - +0 scale mail
rPois    .         Reflect  .   (helmet restricted)
rElec    .         Harm     .   (no cloak)
rCorr    .         Rampage  .   e - +1 pair of gloves
Will     +....                  (boots unavailable)
Stlth    ..........             o - amulet of the acrobat
HPRegen  0.20/turn              j - ring of see invisible
MPRegen  0.14/turn              y - ring of willpower

@: flying quickly and evasively, quick
A: beak, talons 3, able to fly
a: Stop Flying, Renounce Religion, Heroism, Finesse


You were on level 10 of the Dungeon.
You worshipped Okawaru.
Okawaru was extremely pleased with you.
You visited 2 branches of the dungeon, and saw 11 of its levels.
You also visited: Ossuary.

You collected 708 gold pieces.

Inventory:

Hand Weapons
 a - a +1 war axe of freezing
 v - a +0 hand axe of electrocution (weapon)
Missiles
 C - 7 poisoned darts (quivered)
Armour
 b - a +0 scale mail
 c - a +0 kite shield (worn)
 e - a +1 pair of gloves (worn)
 s - a +0 plate armour
 t - a +0 scale mail (worn)
Jewellery
 j - a ring of see invisible (left hand)
 o - an amulet of the acrobat (around neck)
 y - a ring of willpower (right hand)
Wands
 m - a wand of charming (2)
 r - a wand of mindburst (14)
 z - a wand of flame (17)
 B - a wand of polymorph (10)
Scrolls
 f - 6 scrolls of teleportation
 i - a scroll of remove curse
 l - 2 scrolls of enchant weapon
 p - 4 scrolls of blinking
 A - a scroll of identify
Potions
 d - 2 potions of might
 g - a potion of ambrosia
 h - 2 potions of lignification
 k - 4 potions of heal wounds
 n - 4 potions of curing
 q - 5 potions of haste
 u - 3 potions of mutation
 w - 2 potions of cancellation
 x - a potion of resistance


   Skills:
 - Level 5.0 Fighting
 * Level 11.9 Axes
 - Level 5.0 Armour
 * Level 11.2 Shields
 + Level 4.9 Invocations


You had 10 spell levels left.
You didn't know any spells.
Your spell library was empty.

Dungeon Overview and Level Annotations

Branches:
Dungeon (10/15)            Temple (1/1) D:6             Orc (0/2) D:9
Ossuary (visited)
   Lair: D:8-11

Altars:
Elyvilon
Gozag
Kikubaaqudgha
Makhleb
Okawaru
Ru
Sif Muna
Uskayaw
Xom
Yredelemnul
Zin

Annotations:
D:6 2 transporters, gimp's ghost, novice OpEE
D:10 1 runed translucent door, sahdkjhfkaj's ghost, novice DEWz


Innate Abilities, Weirdness & Mutations

You have a beak for a mouth.
You have claws for feet.
You can fly continuously.


Message History

You hit the troll. Lightning courses through the troll!!
The troll is almost dead.
You hear a shout!
You closely miss the troll.
The troll is almost dead.
You closely miss the chaos spawn. The troll bites you!
* * * LOW HITPOINT WARNING * * *
The troll misses you. The troll claws you.
* * * LOW HITPOINT WARNING * * *
An orc comes into view.
You block the chaos spawn's attack.
You take 20 damage, and have 7/63 hp.
MASSIVE DAMAGE!!
The orc shouts!
You hit the troll. Lightning courses through the troll!!
You kill the troll!
Okawaru accepts your kill.
You hit the chaos spawn but do no damage.
Lightning courses through the chaos spawn!
The chaos spawn gores you!
You die...

8≈§.≈8..# .o#∩⌠...#
⌠_h)$.... #(#⌠...≈≈.+####
#.+#.♣#.#..... ###+#
.....≈..'...# .....
.......#....+ #####....
.......44@..#+#..#...#....
#.##...........# #$?.#....
#..............# #.WC#<...
###...........# ##+##....
#...........# #........
#...........# ##.#.....
#...........# #.......
######'###### #####...
#..# #####.


You could see 2 chaos spawn, a hound and an orc.

Vanquished Creatures
  A two-headed ogre (D:8)
  Maggie (D:8)
  Psyche (D:8)
  Grum (D:8)
  3 trolls
  Prince Ribbit (D:8)
  2 shadows (D:9)
  A vampire (D:9)
  4 yaks (D:6)
  A steam dragon (D:9)
  Menkaure (D:6)
  2 ice beasts
  3 orc warriors (D:9)
  3 sky beasts
  3 wolves (D:8)
  5 ogres
  A centaur (D:9)
  2 phantoms
  2 big kobolds
  3 bullfrogs (D:9)
  An elf zombie (Ossuary)
  A gnoll sergeant (D:10)
  3 scorpions
  2 troll zombies (D:9)
  8 wights
  3 howler monkeys
  4 centaur zombies
  A quasit (D:9)
  2 hounds (D:9)
  A human zombie (Ossuary)
  3 jellies (D:9)
  11 orc priests
  2 centaur skeletons
  4 iguanas
  8 orc wizards
  10 worker ants
  A killer bee zombie (D:8)
  6 ogre zombies (D:9)
  A hound zombie (D:6)
  A hound skeleton (D:9)
  3 mummies (Ossuary)
  2 howler monkey zombies
  A worker ant zombie (D:9)
  10 gnolls
  12 adders
  A white imp (D:9)
  3 ufetubi
  2 adder skeletons
  An adder zombie (Ossuary)
  3 worms
  3 leopard geckos
  31 orcs
  9 bats
  6 giant cockroaches
  6 hobgoblins
  11 jackals
  2 quokkas
  5 frilled lizards
  9 goblins
  A goblin skeleton (D:9)
  4 goblin zombies
  8 hobgoblin zombies
  22 kobolds
  6 kobold zombies (Ossuary)
  2 orc skeletons (D:9)
  15 orc zombies (D:9)
  A quokka skeleton (D:6)
  2 quokka zombies (Ossuary)
  3 rats
  2 rat zombies (Ossuary)
300 creatures vanquished.

Vanquished Creatures (collateral kills)
  An orc (D:5)
1 creature vanquished.

Vanquished Creatures (others)
  An ice beast (D:9)
  A wolf (D:8)
  42 plants (D:3)
44 creatures vanquished.

Grand Total: 345 creatures vanquished

Notes
Turn   | Place    | Note
-------+----------+-------------------------------------------
     0 | D:1      | gimp the Tengu Fighter began the quest for the Orb.
     0 | D:1      | Reached XP level 1. HP: 14/14 MP: 2/2
   325 | D:1      | Reached XP level 2. HP: 16/19 MP: 3/3
  1108 | D:2      | Found a hide-covered altar of Uskayaw.
  1438 | D:2      | Reached XP level 3. HP: 23/23 MP: 4/4
  1846 | D:3      | Reached XP level 4. HP: 16/28 MP: 5/5
  2079 | D:3      | Found a shimmering blue altar of Sif Muna.
  2088 | D:3      | Found a sacrificial altar of Ru.
  2089 | D:3      | Found an ancient bone altar of Kikubaaqudgha.
  2706 | D:3      | Gained mutation: You can fly continuously. [Tengu growth]
  2706 | D:3      | Reached XP level 5. HP: 26/32 MP: 6/6
  2897 | D:3      | Found a shimmering altar of Xom.
  3003 | D:4      | Found a burning altar of Makhleb.
  3014 | D:4      | Identified the cursed +0 whip "No More Talking" {venom,
                  | +Fly rPois rC+ Int+7} (You found it on level 4 of the
                  | Dungeon)
  3542 | D:5      | Entered Level 5 of the Dungeon
  3609 | D:5      | Reached XP level 6. HP: 38/38 MP: 7/7
  3652 | D:5      | Reached skill level 5 in Shields
  3913 | D:5      | Reached skill level 5 in Axes
  4380 | D:5      | Noticed an ice beast
  4837 | D:5      | Killed an ice beast
  4838 | D:5      | Reached XP level 7. HP: 33/44 MP: 8/8
  5400 | D:6      | Noticed Menkaure
  5401 | D:6      | Noticed a yak
  5402 | D:6      | Noticed a yak
  5403 | D:6      | Noticed a yak
  5404 | D:6      | Noticed a yak
  5407 | D:6      | Killed Menkaure
  5703 | D:6      | Found a staircase to the Ecumenical Temple.
  5718 | Temple   | Entered the Ecumenical Temple
  5733 | Temple   | Became a worshipper of Warmaster Okawaru
  5807 | D:6      | Found a sand-covered staircase.
  5817 | D:6      | Reached XP level 8. HP: 39/48 MP: 9/9
  5824 | D:6      | Reached skill level 5 in Fighting
  5828 | Ossuary  | Entered an ossuary
  6173 | D:6      | Reached * piety under Okawaru
  6544 | D:6      | Found a transporter.
  6683 | D:6      | Noticed a wraith
  6694 | D:6      | Found a transporter.
  6695 | D:6      | Noticed gimp's ghost (novice OpEE)
  6913 | D:6      | Killed a yak
  6914 | D:6      | Reached XP level 9. HP: 51/54 MP: 10/10
  6914 | D:6      | Reached ** piety under Okawaru
  6926 | D:6      | Reached skill level 5 in Armour
  7167 | D:6      | Found a basalt altar of Yredelemnul.
  7549 | D:7      | Reached skill level 1 in Invocations
  7656 | D:7      | Reached *** piety under Okawaru
  8050 | D:8      | Noticed Maggie
  8058 | D:8      | Killed Maggie
  8142 | D:8      | Noticed a two-headed ogre
  8425 | D:8      | Found a hide-covered altar of Uskayaw.
  8462 | D:8      | Noticed Grum
  8683 | D:8      | Killed a two-headed ogre
  8683 | D:8      | Reached **** piety under Okawaru
  8684 | D:8      | Reached skill level 10 in Axes
  8684 | D:8      | Reached XP level 10. HP: 40/59 MP: 9/13
  8710 | D:8      | Killed Grum
  9094 | D:8      | Noticed Psyche
  9107 | D:8      | Killed Psyche
  9254 | D:8      | Reached ***** piety under Okawaru
  9255 | D:8      | Reached skill level 10 in Shields
  9288 | D:8      | Noticed Prince Ribbit
  9304 | D:8      | Killed Prince Ribbit
  9431 | D:9      | Found a staircase to the Orcish Mines.
 10247 | D:9      | Received a gift from Okawaru
 10390 | D:9      | Noticed a two-headed ogre
 10657 | D:9      | Reached XP level 11. HP: 50/63 MP: 15/15
 11845 | D:10     | Entered Level 10 of the Dungeon
 11847 | D:10     | Found a runed translucent door.
 11848 | D:10     | Noticed a fire giant
 11848 | D:10     | Noticed sahdkjhfkaj's ghost (novice DEWz)
 11977 | D:10     | Found a shimmering altar of Xom.
 11978 | D:10     | Found the +7 mace of Variability {chain chaos}
 11984 | D:10     | Slain by a chaos spawn

Illustrated notes

Levels and vault maps discovered:
D:1:      dpeg_arrival_tiny_h, layout_basic
D:2:      layout_basic, marbit_many_paths, serial_aquarium,
          aquarium_bridge_straight [aquarium_subvault_bridge,
          aquarium_subvault_wall, aquarium_subvault_bridge,
          aquarium_subvault_wall], aquarium_bridge_straight
          [aquarium_subvault_bridge, aquarium_subvault_wall,
          aquarium_subvault_bridge, aquarium_subvault_wall], aquarium_window_1,
          aquarium_window_2, aquarium_view_2e, aquarium_view_2f,
          aquarium_balcony_3a, aquarium_pool_double, grunt_decor_arrowhead
D:3:      wad_woods_pond, layout_loops_ring, tgw_xom,
          chequers_temple_overflow_statue_of_worship
D:4:      layout_basic, bloody_makhleb
D:5:      layout_gridville
D:6:      layout_loops_ring, yredelemnul_altar_generic,
          minmay_temple_entry_proselytizer, enter_ossuary_1,
          gammafunk_ghost_mausoleum, uniq_menkaure
D:7:      layout_loops_ring
D:8:      layout_rooms, serial_corexii_hall, chequers_hall_statues_y,
          corexii_hall_statues_l, chequers_hall_statues_corner_a, basic_altar,
          uniq_prince_ribbit1, uniq_maggie, uniq_psyche, uniq_grum
D:9:      minmay_bloctagon, layout_basic, zombieorc2_lemuel, minmay_orc_keep
D:10:     layout_roguey, ebering_ghost_inner_flame, serial_shops,
          nicolae_shop_behind_doors, grunt_ministairs_1,
          minmay_guarded_unrand_variability, uniq_erolcha
Temple:   regret_index_temple_sphere_string

Skill      XL: |  1  2  3  4  5  6  7  8  9 10 11 |
---------------+----------------------------------+-----
Axes           | 3 4 5 6 8 10 11 | 11.9
Shields        | 4 5 6 7 9 10 11 | 11.2
Fighting       | 4 5 |  5.0
Armour         | 4 5 |  5.0
Invocations    | 2 4 |  4.9

Action                   |  1- 3 |  4- 6 |  7- 9 | 10-12 || total
-------------------------+-------+-------+-------+-------++-------
Melee: War axe           |    82 |    93 |       |       ||   175
       Peck              |    10 |    16 |    41 |    63 ||   130
       Kick              |    14 |    35 |    76 |   124 ||   249
       Hand axe          |       |    25 |   232 |   366 ||   623
Invok: Heroism           |       |       |     2 |       ||     2
 Abil: Fly               |       |     2 |       |       ||     2
       Stop Flying       |       |     1 |       |       ||     1
Evoke: Wand              |       |     1 |     3 |     2 ||     6
  Use: Scroll            |       |    14 |     7 |     7 ||    28
       Potion            |       |     1 |       |     4 ||     5
 Stab: Betrayed ally     |       |     1 |       |       ||     1
Armor: Scale mail        |    55 |    37 |    53 |    58 ||   203
       Skin              |       |       |       |    24 ||    24
Dodge: Dodged            |    25 |    31 |    67 |   114 ||   237
Block: Kite shield       |    47 |    48 |    88 |   165 ||   348

Table legend: (Time is in decaauts)
 A = Elapsed time spent in this place.
 B = Non-inter-level travel time spent in this place.
 C = Inter-level travel time spent in this place.
 D = Time resting spent in this place.
 E = Time spent auto-exploring this place.
 F = Levels seen in this place.
 G = Mean time per level.
                   A        B        C        D        E       F      G
               +--------+--------+--------+--------+--------+-----+--------+
         Total |  11633 |  11276 |    357 |   1606 |   7492 |  12 |  969.4 |
       Dungeon |  11344 |  10998 |    346 |   1606 |   7357 |  10 | 1134.4 |
        Temple |     26 |     16 |     10 |      0 |      0 |   1 |   26.0 |
       Ossuary |    262 |    262 |      0 |      0 |    134 |   1 |  262.0 |
               +--------+--------+--------+--------+--------+-----+--------+

Top non-repeatable levels by time:
     D:5: 1907 daAuts
     D:9: 1604 daAuts
     D:8: 1444 daAuts
     D:7: 1255 daAuts
     D:3: 1234 daAuts
     D:6: 1203 daAuts
     D:1: 956 daAuts
     D:2: 863 daAuts
     D:4: 749 daAuts
 Ossuary: 262 daAuts
    D:10: 125 daAuts
  Temple: 26 daAuts
